 Dungeon Crawl Stone Soup version 0.30.1-4-g462c640d31 (webtiles) character file.

Game seed: 10384395194255315778

69 H0rd4k the Charlatan (level 4, 0/28 HPs)
             Began as an Octopode Artificer on Aug 18, 2023.
             Slain by Jessica
             ... wielding a +0 dagger
              (3 damage)
             ... on level 2 of the Dungeon.
             The game lasted 00:01:05 (1253 turns).

H0rd4k the Charlatan (Octopode Artificer)           Turns: 1253, Time: 00:01:05

Health: 0/28       AC:  1    Str: 11    XL:     4   Next: 20%
Magic:  4/4        EV: 13    Int: 15    God:
Gold:   100        SH:  0    Dex: 12    Spells: 3/3 levels left

rFire   . .          .
                       - Unarmed
rCold   . . .        (no shield)
rNeg    . . .        (helmet restricted)
rPois   .            (no amulet)
rElec   .            (no ring)
rCorr   .            (no ring)
SInv    .            (no ring)
Will    .....        (no ring)
Stlth   +++          (no ring)
HPRegen 0.24/turn    (no ring)
MPRegen 0.09/turn    (no ring)
                     (no ring)

%: no passive effects
@: no status effects
A: almost no armour, amphibious, 8 rings, camouflage 1, gelatinous body 1,
(nimble swimmer 1), tentacles
a: no special abilities


You were on level 2 of the Dungeon.
You visited 1 branch of the dungeon, and saw 2 of its levels.

You collected 100 gold pieces.

Inventory:

Missiles
 g - 4 poisoned darts
Wands
 b - a wand of flame (14) (quivered)
 c - a wand of charming (15)
 d - a wand of iceblast (5)
Scrolls
 a - 3 scrolls of identify {unknown}
 e - a scroll of noise {unknown}
 h - 2 scrolls of blinking {unknown}
 i - 2 scrolls of immolation {unknown}
 j - a scroll of butterflies {unknown}
 k - a scroll of teleportation {unknown}
Potions
 f - 2 potions of heal wounds {unknown}


   Skills:
 + Level 1.1 Fighting
 + Level 3.3 Dodging
 - Level 1.3 Stealth
 + Level 1.3 Unarmed Combat
 + Level 4.2 Evocations


You had 3 spell levels left.
You didn't know any spells.
Your spell library contained the following spells:

 Spells                   Type           Power      Damage    Failure   Level
 Fireball                 Conj/Fire      0%         3d3       100%        5
 Iskenderun's Battlesphe  Conj           0%         2d6       100%        5
 Conjure Ball Lightning   Conj/Air       0%         3x3d6     100%        6
 Orb of Destruction       Conj           0%         9d5       100%        7


Dungeon Overview and Level Annotations

Branches:
Dungeon (2/15)

Altars:

Shops:
D:2 :

Annotations:
D:2 Jessica


Innate Abilities, Weirdness & Mutations

You cannot wear most types of armour.
You are amphibious.
You can wear up to eight rings at the same time.
Your skin changes colour to match your surroundings (Stealth+).
Your rubbery body absorbs attacks. (AC +1, EV +1)
((You are camouflaged when in or above water. (Stealth+)))
You have tentacles for arms and can constrict up to eight enemies at once.


Message History

An endoplasm is nearby!
The endoplasm closely misses you.
You tentacle-slap the endoplasm but do no damage.
You squeeze the endoplasm.
You kill the endoplasm!
No target in view!
No target in view!
You now have 91 gold pieces (gained 10).
Found a stone staircase leading down.
No target in view!
You now have 100 gold pieces (gained 9).
Found a stone staircase leading up.
No target in view!
Jessica the Apprentice Sorceress comes into view.
She is wielding a +0 dagger.
Jessica shouts!
Jessica mumbles something strange.
Jessica casts a spell.
Jessica seems to speed up.
Jessica gestures wildly.
Jessica casts a spell at you. Pain shoots through your body!
You see here a fizzy coppery potion.
Jessica is nearby!
Jessica is nearby!
Found a scroll labelled IRACZEU YKUUBB.
Jessica gestures at you while chanting. You resist with some effort.
Jessica casts a spell at you. Pain shoots through your body!
You tentacle-slap Jessica. Your grab misses Jessica.
Jessica is heavily wounded.
Jessica hits you with a +0 dagger.
* * * LOW HITPOINT WARNING * * *
Aiming: Throw Flame
Press: ? - help, Shift-Dir - straight line, f - Jessica
Aim: Jessica, wielding a +0 dagger and wearing a +0 robe (heavily wounded, fast, 71% to hit)
The puff of flame misses Jessica.
Jessica hits you with a +0 dagger.
* * * LOW HITPOINT WARNING * * *
Jessica hits you with a +0 dagger.
You die...

#####.....#
..#.........# ?#
............# .#
..#.#.####..### .# #
#.####..... .#
#.##...##.# .#
#.##.####.# .# #.##.#
#.###@######## #.##.#
#<##@........# ###
#.##.####.##..######.#
#.. #.........##!.#
####.#### #.#
###.........[.#
#.......# #.#
#..########.#
#.##.##.# #†. #.># .#
#.##.##.# ### #..# .#
#.##.##.# #..# .#
#.##.##[# ...# .#
#.##.##.#


You could see Jessica (fast).

Vanquished Creatures
  An adder (D:2)
  3 dart slugs (D:1)
  2 ball pythons
  5 bats
  5 endoplasms
  A giant cockroach (D:2)
  10 goblins
  4 hobgoblins
  4 jackals (D:1)
  3 kobolds (D:1)
  3 quokkas (D:1)
  A frilled lizard (D:1)
  3 rats (D:1)
45 creatures vanquished.

Notes
Turn   | Place    | Note
-------+----------+-------------------------------------------
     0 | D:1      | H0rd4k the Octopode Artificer began the quest for the Orb.
     0 | D:1      | Reached XP level 1. HP: 13/13 MP: 1/1
   175 | D:1      | Reached XP level 2. HP: 17/18 MP: 2/2
   328 | D:1      | Reached XP level 3. HP: 21/23 MP: 3/3
   407 | D:1      | Reached skill level 4 in Evocations
  1004 | D:2      | Reached skill level 1 in Unarmed Combat
  1004 | D:2      | Reached XP level 4. HP: 8/28 MP: 4/4
  1189 | D:2      | Found Girchurph's Book Shop.
  1248 | D:2      | Noticed Jessica
  1253 | D:2      | Slain by Jessica

Illustrated notes

Levels and vault maps discovered:
D:1:      sevenhm_arrival_forest_fort_large_2, layout_loops_ring, minmay_cut_off
D:2:      layout_loops_ring, serial_glass, glass_columns_b, glass_columns_c,
          due_unseen_surprise, serial_shops, nicolae_shop_back_alley_shop,
          uniq_jessica

Skill      XL: |  1  2  3 |
---------------+----------+-----
Dodging        | 3 |  3.3
Evocations     | 4 |  4.2
Unarmed Combat | 1 |  1.3
Fighting       | |  1.1
Stealth        | |  1.3

Action                     |  1- 3 |  4- 6 || total
---------------------------+-------+-------++-------
  Melee: Unarmed           |   107 |     8 ||   115
         Tentacles         |    28 |     4 ||    32
         Constrict         |    34 |     2 ||    36
         Punch             |     1 |       ||     1
  Evoke: Wand              |       |     1 ||     1
   Stab: Sleeping          |     9 |     2 ||    11
 Armour: Skin              |     8 |       ||     8
  Dodge: Dodged            |    63 |     2 ||    65
